TOP OF THE 1ST |
Fort Myers Palms batting - Pitching for Tampa Pirates : RHP Bill Kelly
|
Pitching: RHP Bill Kelly
|
|
Batting: SHB Porter Wyatt
|
0-0: Called Strike 0-1: Ground out U3 (Groundball, 3, EV 84.4 MPH)
|
Batting: RHB Jay Greb
|
0-0: Fly out, F9 (Flyball, 9LM, EV 89.4 MPH)
|
Batting: LHB Gus Burgess
|
0-0: Foul Ball, location: 2F 0-1: Ball 1-1: Ball 2-1: Fly out, F7 (Flyball, 7S, EV 84.4 MPH)
|
Top of the 1st over - 0 runs, 0 hits, 0 errors, 0 left on base; Fort Myers 0 - Tampa 0 |
BOTTOM OF THE 1ST |
Tampa Pirates batting - Pitching for Fort Myers Palms : RHP Mark Jacob
|
Pitching: RHP Mark Jacob
|
|
Batting: LHB Reggie West
|
0-0: Called Strike 0-1: Ball 1-1: Foul Ball, location: 2F 1-2: Foul Ball, location: 2F 1-2: Ball 2-2: Ball 3-2: Foul Ball, location: 2F 3-2: Foul Ball, location: 2F 3-2: Base on Balls
|
Batting: SHB Gary Springer
|
0-0: Ball 1-0: Foul Ball, location: 2F 1-1: Ball 2-1: Called Strike Pickoff Throw to First - Error! E1 Reggie West to second 2-2: Ball 3-2: Strikes out looking
|
Batting: RHB Cliff Pastornicky
|
0-0: Foul Ball, location: 2F 0-1: Fly out, F9 (Flyball, 89M, EV 81.9 MPH)
|
Batting: LHB David Frederick
|
0-0: Ball 1-0: Ball 2-0: Fly out, F6 (Flyball, 56D, EV 81.3 MPH)
|
Bottom of the 1st over - 0 runs, 0 hits, 1 error, 1 left on base; Fort Myers 0 - Tampa 0 |
TOP OF THE 2ND |
Fort Myers Palms batting - Pitching for Tampa Pirates : RHP Bill Kelly
|
Batting: LHB James Atkinson
|
0-0: Swinging Strike 0-1: Ball 1-1: Swinging Strike 1-2: Ball 2-2: Ball 3-2: Foul Ball, location: 2F 3-2: Ground out 3-1 (Groundball, 34, EV 85.0 MPH)
|
Batting: RHB Lindon Duncan
|
0-0: Called Strike 0-1: SINGLE (Line Drive, 89M, EV 96.9 MPH)
|
Batting: RHB Matt Sinatro
|
0-0: Ball 1-0: Ball 2-0: Swinging Strike 2-1: Ball 3-1: Base on Balls Lindon Duncan to second
|
Batting: LHB Arthur Carlisi
|
0-0: Ball Lindon Duncan steals 3rd base Matt Sinatro to second 1-0: Ball 2-0: Foul Ball, location: 2F 2-1: Called Strike 2-2: Ball 3-2: Foul Ball, location: 2F 3-2: Ground out 4-3 (Groundball, 34, EV 97.5 MPH) Lindon Duncan scores Matt Sinatro to third
|
Batting: RHB Carl Nichols
|
0-0: Foul Ball, location: 2F 0-1: Swinging Strike 0-2: Foul Ball, location: 2F 0-2: Ball 1-2: Fly out, F8 (Flyball, 78D, EV 104.4 MPH)
|
Top of the 2nd over - 1 run, 1 hit, 0 errors, 1 left on base; Fort Myers 1 - Tampa 0 |
BOTTOM OF THE 2ND |
Tampa Pirates batting - Pitching for Fort Myers Palms : RHP Mark Jacob
|
Batting: RHB Ricky Jones
|
0-0: Swinging Strike 0-1: Fly out, F9 (Flyball, 89M, EV 96.3 MPH)
|
Batting: LHB Alfredo Rodriguez
|
0-0: Ball 1-0: Ball 2-0: Called Strike 2-1: Ball 3-1: Called Strike 3-2: Strikes out swinging
|
Batting: RHB Dale Eiler
|
0-0: Ball 1-0: Ball 2-0: Called Strike 2-1: Foul Ball, location: 2F 2-2: Reached on error, E6 (Groundball, 6, EV 103.8 MPH)
|
Batting: RHB Drungo Hazewood
|
0-0: Called Strike 0-1: Called Strike 0-2: SINGLE (Flyball, 34D, EV 89.4 MPH) Dale Eiler to second Runner from 2nd tries for 3rd, SAFE, throw by RF made to third
|
Batting: RHB Roy Dixon
|
0-0: Ball 1-0: Ball 2-0: Swinging Strike 2-1: Called Strike 2-2: Strikes out swinging
|
Bottom of the 2nd over - 0 runs, 1 hit, 1 error, 2 left on base; Fort Myers 1 - Tampa 0 |
TOP OF THE 3RD |
Fort Myers Palms batting - Pitching for Tampa Pirates : RHP Bill Kelly
|
Batting: RHB Jim Bishop
|
0-0: Ground out 2-3 (Groundball, 13S, EV 73.8 MPH)
|
Batting: SHB Porter Wyatt
|
0-0: Ball 1-0: Ball 2-0: Ball 3-0: Called Strike 3-1: Swinging Strike 3-2: Foul Ball, location: 2F 3-2: Strikes out swinging
|
Batting: RHB Jay Greb
|
0-0: Called Strike 0-1: Foul Ball, location: 2F 0-2: Ball 1-2: SINGLE (Groundball, 4MD, EV 101.9 MPH)
|
Batting: LHB Gus Burgess
|
0-0: Called Strike 0-1: Ball 1-1: Ball Jay Greb is caught stealing 2nd base 2-6
|
Top of the 3rd over - 0 runs, 1 hit, 0 errors, 0 left on base; Fort Myers 1 - Tampa 0 |
BOTTOM OF THE 3RD |
Tampa Pirates batting - Pitching for Fort Myers Palms : RHP Mark Jacob
|
Batting: LHB Reggie West
|
0-0: Ball 1-0: Ball 2-0: Ball 3-0: Called Strike 3-1: Foul Ball, location: 2F 3-2: Foul Ball, location: 2F 3-2: Foul Ball, location: 2F 3-2: Ground out 4-3 (Groundball, 4, EV 101.9 MPH)
|
Batting: SHB Gary Springer
|
0-0: Foul Ball, location: 2F 0-1: Ball 1-1: Swinging Strike 1-2: Ball 2-2: Foul Ball, location: 2F 2-2: SINGLE (Groundball, 4MD, EV 106.3 MPH)
|
Batting: RHB Cliff Pastornicky
|
0-0: Ball 1-0: Fielders Choice at 2nd, 6-4 (Groundball, 6, EV 85.6 MPH)
|
Batting: LHB David Frederick
|
0-0: Ball 1-0: Called Strike 1-1: Ball 2-1: Fly out, F9 (Flyball, 89M, EV 91.3 MPH)
|
Bottom of the 3rd over - 0 runs, 1 hit, 0 errors, 1 left on base; Fort Myers 1 - Tampa 0 |
TOP OF THE 4TH |
Fort Myers Palms batting - Pitching for Tampa Pirates : RHP Bill Kelly
|
Batting: LHB Gus Burgess
|
0-0: Called Strike 0-1: Ball 1-1: Ball 2-1: SINGLE (Line Drive, 5D, EV 109.4 MPH)
|
Batting: LHB James Atkinson
|
0-0: Ball 1-0: Ball 2-0: SINGLE (Groundball, P, EV 86.9 MPH) (infield hit) Gus Burgess to second
|
Batting: RHB Lindon Duncan
|
0-0: Called Strike 0-1: Fly out, F3 (Popup, 3F, EV 67.5 MPH)
|
Batting: RHB Matt Sinatro
|
0-0: Swinging Strike 0-1: Ball 1-1: Ball 2-1: Foul Ball, location: 2F 2-2: Fly out, F8 (Line Drive, 8LM, EV 89.4 MPH)
|
Batting: LHB Arthur Carlisi
|
0-0: Ball 1-0: Foul Ball, location: 2F 1-1: Foul Ball, location: 2F 1-2: Strikes out swinging
|
Top of the 4th over - 0 runs, 2 hits, 0 errors, 2 left on base; Fort Myers 1 - Tampa 0 |
BOTTOM OF THE 4TH |
Tampa Pirates batting - Pitching for Fort Myers Palms : RHP Mark Jacob
|
Batting: RHB Ricky Jones
|
0-0: Fly out, F8 (Line Drive, 8RM, EV 95.6 MPH)
|
Batting: LHB Alfredo Rodriguez
|
0-0: Foul Ball, location: 2F 0-1: Foul Ball, location: 2F 0-2: DOUBLE (Line Drive, 78M, EV 96.9 MPH)
|
Batting: RHB Dale Eiler
|
0-0: Ball 1-0: Called Strike 1-1: Called Strike 1-2: Ball 2-2: SINGLE (Line Drive, 6D, EV 103.1 MPH) Alfredo Rodriguez to third
|
Batting: RHB Drungo Hazewood
|
0-0: Swinging Strike 0-1: Ball 1-1: Fielders Choice at 2nd, 6-4 (Groundball, 6MD, EV 82.5 MPH) Alfredo Rodriguez scores
|
Batting: RHB Roy Dixon
|
0-0: Ball 1-0: Called Strike 1-1: Ball 2-1: Swinging Strike 2-2: Ground out 6-3 (Groundball, 56, EV 100.6 MPH)
|
Bottom of the 4th over - 1 run, 2 hits, 0 errors, 1 left on base; Fort Myers 1 - Tampa 1 |
TOP OF THE 5TH |
Fort Myers Palms batting - Pitching for Tampa Pirates : RHP Bill Kelly
|
Batting: RHB Carl Nichols
|
0-0: SINGLE (Groundball, 6MD, EV 103.1 MPH)
|
Batting: RHB Jim Bishop
|
0-0: Foul Ball, location: 2F 0-1: Ball Carl Nichols steals 2nd base 1-1: Fly out, F7 (Flyball, 78D, EV 96.3 MPH)
|
Batting: SHB Porter Wyatt
|
0-0: Called Strike 0-1: TRIPLE (Flyball, 7D, EV 95.0 MPH) Carl Nichols scores
|
Batting: RHB Jay Greb
|
0-0: Ball 1-0: Foul Ball, location: 2F 1-1: Called Strike 1-2: Ball 2-2: Strikes out looking
|
Batting: LHB Gus Burgess
|
0-0: Called Strike 0-1: Swinging Strike 0-2: Ball 1-2: Strikes out swinging
|
Top of the 5th over - 1 run, 2 hits, 0 errors, 1 left on base; Fort Myers 2 - Tampa 1 |
BOTTOM OF THE 5TH |
Tampa Pirates batting - Pitching for Fort Myers Palms : RHP Mark Jacob
|
Batting: LHB Reggie West
|
0-0: Ball 1-0: Foul Ball, location: 2F 1-1: Ball 2-1: Foul Ball, location: 2F 2-2: Foul Ball, location: 2F 2-2: Fly out, F4 (Popup, 4MD, EV 51.9 MPH)
|
Batting: SHB Gary Springer
|
0-0: Swinging Strike 0-1: SINGLE (Flyball, 89S, EV 95.6 MPH)
|
Batting: RHB Cliff Pastornicky
|
0-0: Ball 1-0: Foul Ball, location: 2F 1-1: Ball 2-1: Called Strike 2-2: Foul Ball, location: 2F 2-2: Ball 3-2: Fly out, F8 (Flyball, 8RD, EV 94.4 MPH)
|
Batting: LHB David Frederick
|
0-0: Ball 1-0: Swinging Strike 1-1: Foul Ball, location: 2F 1-2: Foul Ball, location: 2F 1-2: Ground out 4-3 (Groundball, 4S, EV 73.1 MPH)
|
Bottom of the 5th over - 0 runs, 1 hit, 0 errors, 1 left on base; Fort Myers 2 - Tampa 1 |
TOP OF THE 6TH |
Fort Myers Palms batting - Pitching for Tampa Pirates : RHP Bill Kelly
|
Batting: LHB James Atkinson
|
0-0: Ball 1-0: Foul Ball, location: 2F 1-1: SOLO HOME RUN (Flyball, 9D, EV 97.5 MPH), Distance : 359 ft
|
Batting: RHB Lindon Duncan
|
0-0: Ball 1-0: Ball 2-0: Ball 3-0: Called Strike 3-1: Base on Balls
|
Batting: RHB Matt Sinatro
|
0-0: Ball Lindon Duncan steals 2nd base 1-0: Called Strike 1-1: Ball 2-1: Ground out 4-3 (Groundball, 4, EV 84.4 MPH) Lindon Duncan to third
|
Batting: LHB Arthur Carlisi
|
0-0: Called Strike 0-1: Ball 1-1: Ball 2-1: Ball 3-1: Swinging Strike Passed Ball! Lindon Duncan scores 3-2: Base on Balls
|
Batting: RHB Carl Nichols
|
0-0: Ball 1-0: Foul Ball, location: 2F 1-1: Ball 2-1: Fly out, F8 (Flyball, 8RS, EV 80.0 MPH)
|
Batting: RHB Jim Bishop
|
0-0: Ball 1-0: Ball 2-0: Ball 3-0: Called Strike 3-1: Base on Balls Arthur Carlisi to second
|
Batting: SHB Porter Wyatt
|
0-0: Ball 1-0: Foul Ball, location: 2F 1-1: Called Strike 1-2: Ball 2-2: Foul Ball, location: 2F 2-2: Foul Ball, location: 2F 2-2: SINGLE (Flyball, 8RS, EV 85.6 MPH) Arthur Carlisi to third Jim Bishop to second Runner from 3rd tries for Home, SAFE, throw by CF to home
|
Batting: RHB Jay Greb
|
0-0: Fly out, F4 (Popup, 4M, EV 61.3 MPH)
|
Top of the 6th over - 3 runs, 2 hits, 0 errors, 2 left on base; Fort Myers 5 - Tampa 1 |
BOTTOM OF THE 6TH |
Tampa Pirates batting - Pitching for Fort Myers Palms : RHP Mark Jacob
|
Batting: RHB Ricky Jones
|
0-0: Called Strike 0-1: Ball 1-1: SINGLE (Line Drive, 9LS, EV 101.9 MPH)
|
Batting: LHB Alfredo Rodriguez
|
0-0: Sac Bunt to 5S - play at first, batter OUT! 5-3 Ricky Jones to second
|
Batting: RHB Dale Eiler
|
0-0: Ball 1-0: Fly out, F8 (Flyball, 8LM, EV 98.8 MPH)
|
Batting: RHB Drungo Hazewood
|
0-0: Foul Ball, location: 2F 0-1: Ball 1-1: Swinging Strike 1-2: Ball 2-2: Foul Ball, location: 2F 2-2: Foul Ball, location: 2F 2-2: Ball 3-2: Fly out, F7 (Flyball, 78S, EV 80.0 MPH)
|
Bottom of the 6th over - 0 runs, 1 hit, 0 errors, 1 left on base; Fort Myers 5 - Tampa 1 |
TOP OF THE 7TH |
Fort Myers Palms batting - Pitching for Tampa Pirates : RHP Bill Kelly
|
Batting: LHB Gus Burgess
|
0-0: Ball 1-0: Ball 2-0: Foul Ball, location: 2F 2-1: DOUBLE (Flyball, 8LXD, EV 108.8 MPH)
|
Batting: LHB James Atkinson
|
0-0: Called Strike 0-1: Ball 1-1: Ball 2-1: Foul Ball, location: 2F 2-2: Fly out, F9 (Line Drive, 9, EV 99.4 MPH) Runner from 2nd tags up, SAFE at 3rd with throw by RF
|
Batting: RHB Lindon Duncan
|
0-0: Ball 1-0: SINGLE (Groundball, 6MD, EV 101.3 MPH) Gus Burgess scores
|
Pitching: LHP Mark Riggins
|
|
Batting: RHB Matt Sinatro
|
0-0: Called Strike 0-1: Ball 1-1: Called Strike 1-2: TRIPLE (Flyball, 89XD, EV 105.6 MPH) Lindon Duncan scores
|
Batting: LHB Arthur Carlisi
|
0-0: Ball 1-0: Ball 2-0: Swinging Strike 2-1: Called Strike 2-2: Foul Ball, location: 2F 2-2: Foul Ball, location: 2F 2-2: Ball 3-2: SINGLE (Flyball, 89S, EV 92.5 MPH) Matt Sinatro scores
|
Batting: RHB Carl Nichols
|
0-0: Ball 1-0: Foul Ball, location: 2F 1-1: Fly out, F4 (Popup, 23, EV 85.0 MPH)
|
Batting: RHB Jim Bishop
|
0-0: Foul Ball, location: 2F 0-1: Foul Ball, location: 2F 0-2: Strikes out swinging
|
Top of the 7th over - 3 runs, 4 hits, 0 errors, 1 left on base; Fort Myers 8 - Tampa 1 |
BOTTOM OF THE 7TH |
Tampa Pirates batting - Pitching for Fort Myers Palms : RHP Mark Jacob
|
Batting: RHB Roy Dixon
|
0-0: Ball 1-0: Ground out 6-3 (Groundball, 4MD, EV 105.6 MPH)
|
Batting: LHB Reggie West
|
0-0: Ball 1-0: Ball 2-0: Ball 3-0: Called Strike 3-1: Swinging Strike 3-2: Base on Balls
|
Batting: SHB Gary Springer
|
0-0: Called Strike 0-1: DOUBLE (Line Drive, 89D, EV 110.6 MPH) Reggie West to third Runner from 3rd tries for Home, SAFE, no throw by RF
|
Batting: RHB Cliff Pastornicky
|
0-0: Called Strike 0-1: Ball 1-1: Ball 2-1: Ground out 5-3 (Groundball, 5S, EV 79.4 MPH)
|
Batting: LHB David Frederick
|
0-0: Foul Ball, location: 2F 0-1: Swinging Strike 0-2: Fly out, F8 (Flyball, 78D, EV 91.9 MPH)
|
Bottom of the 7th over - 1 run, 1 hit, 0 errors, 1 left on base; Fort Myers 8 - Tampa 2 |
TOP OF THE 8TH |
Fort Myers Palms batting - Pitching for Tampa Pirates : LHP Mark Riggins
|
Batting: SHB Porter Wyatt
|
0-0: Ball 1-0: Called Strike 1-1: Ball 2-1: Called Strike 2-2: Foul Ball, location: 2F 2-2: SINGLE (Groundball, 34D, EV 95.0 MPH)
|
Batting: RHB Jay Greb
|
0-0: Ball 1-0: Ball 2-0: Called Strike 2-1: Ball 3-1: Foul Ball, location: 2F 3-2: DOUBLE (Flyball, 7LD, EV 108.1 MPH) Porter Wyatt to third
|
Batting: LHB Gus Burgess
|
0-0: Ball 1-0: Ball 2-0: Ball 3-0: Called Strike 3-1: Swinging Strike 3-2: Base on Balls
|
Batting: LHB James Atkinson
|
0-0: Swinging Strike 0-1: Fly out, F8 (Flyball, 8RM, EV 84.4 MPH) Runner from 3rd tags up, SCORES, throw by CF
|
Batting: RHB Lindon Duncan
|
0-0: Ball 1-0: Ball 2-0: Fielders Choice at 2nd, 1-4 (Groundball, P, EV 66.9 MPH) Jay Greb to third
|
Batting: RHB Matt Sinatro
|
0-0: Fly out, F5 (Line Drive, 5, EV 64.4 MPH)
|
Top of the 8th over - 1 run, 2 hits, 0 errors, 2 left on base; Fort Myers 9 - Tampa 2 |
BOTTOM OF THE 8TH |
Tampa Pirates batting - Pitching for Fort Myers Palms : RHP Mark Jacob
|
Batting: RHB Ricky Jones
|
0-0: Ball 1-0: Called Strike 1-1: Ball 2-1: Ball 3-1: Base on Balls
|
Batting: LHB Alfredo Rodriguez
|
0-0: Called Strike 0-1: Ball 1-1: SINGLE (Line Drive, 89S, EV 101.9 MPH) Ricky Jones to second
|
Batting: RHB Dale Eiler
|
0-0: Ball 1-0: Swinging Strike 1-1: Foul Ball, location: 2F 1-2: Foul Ball, location: 2F 1-2: SINGLE (Line Drive, 89S, EV 92.5 MPH) Ricky Jones to third Alfredo Rodriguez to second Runner from 3rd tries for Home, SAFE, throw by RF to home
|
Batting: RHB Drungo Hazewood
|
0-0: Ball 1-0: Ball 2-0: Foul Ball, location: 2F 2-1: Ball 3-1: Base on Balls Alfredo Rodriguez to third Dale Eiler to second
|
Batting: RHB Roy Dixon
|
0-0: Called Strike 0-1: Ball 1-1: Ball 2-1: Ball 3-1: Fly out, F9 (Line Drive, 9, EV 104.4 MPH)
|
Pitching: RHP David Thornton
|
|
Batting: LHB Reggie West
|
0-0: Fly out, F8 (Flyball, 78S, EV 95.0 MPH)
|
Batting: SHB Gary Springer
|
0-0: Called Strike 0-1: Ball 1-1: Ball 2-1: Ball 3-1: Base on Balls Alfredo Rodriguez scores Dale Eiler to third Drungo Hazewood to second
|
Batting: RHB Cliff Pastornicky
|
0-0: Swinging Strike 0-1: Called Strike 0-2: Ball 1-2: Strikes out swinging
|
Bottom of the 8th over - 2 runs, 2 hits, 0 errors, 3 left on base; Fort Myers 9 - Tampa 4 |
TOP OF THE 9TH |
Fort Myers Palms batting - Pitching for Tampa Pirates : LHP Mark Riggins
|
Pitching: RHP Jeff Stember
|
|
Batting: LHB Arthur Carlisi
|
0-0: Ball 1-0: DOUBLE (Line Drive, 7LM, EV 108.1 MPH)
|
Batting: RHB Carl Nichols
|
0-0: Called Strike 0-1: Ball 1-1: SINGLE (Groundball, 56D, EV 97.5 MPH) Arthur Carlisi to third Runner from 3rd tries for Home, throw by LF and OUT! 7-2
|
Batting: RHB Jim Bishop
|
0-0: Foul Ball, location: 2F 0-1: Swinging Strike 0-2: Ball 1-2: Strikes out swinging
|
Batting: SHB Porter Wyatt
|
0-0: Called Strike 0-1: Called Strike 0-2: Foul Ball, location: 2F 0-2: SINGLE (Line Drive, 8RS, EV 107.5 MPH) Carl Nichols to second
|
Batting: RHB Jay Greb
|
0-0: Fly out, F8 (Flyball, 8RD, EV 97.5 MPH)
|
Top of the 9th over - 0 runs, 3 hits, 0 errors, 2 left on base; Fort Myers 9 - Tampa 4 |
BOTTOM OF THE 9TH |
Tampa Pirates batting - Pitching for Fort Myers Palms : RHP David Thornton
|
Pitching: RHP Mike Couchee
|
|
Batting: LHB David Frederick
|
0-0: Foul Ball, location: 2F 0-1: Called Strike 0-2: Foul Ball, location: 2F 0-2: Ball 1-2: Foul Ball, location: 2F 1-2: Ball 2-2: Strikes out looking
|
Batting: RHB Ricky Jones
|
0-0: Swinging Strike 0-1: Ball 1-1: Ball 2-1: Foul Ball, location: 2F 2-2: Strikes out swinging
|
Batting: LHB Alfredo Rodriguez
|
0-0: Called Strike 0-1: Swinging Strike 0-2: SINGLE (Line Drive, 4D, EV 101.3 MPH)
|
Batting: RHB Dale Eiler
|
0-0: Foul Ball, location: 2F 0-1: Called Strike 0-2: Ball 1-2: Foul Ball, location: 2F 1-2: Ball 2-2: Foul Ball, location: 2F 2-2: Ball 3-2: Base on Balls Alfredo Rodriguez to second
|
Batting: RHB Drungo Hazewood
|
0-0: Ball 1-0: Fly out, F7 (Flyball, 7LS, EV 75.0 MPH)
|
Bottom of the 9th over - 0 runs, 1 hit, 0 errors, 2 left on base; Fort Myers 9 - Tampa 4 |
|